 Dungeon Crawl Stone Soup version 0.27-a0-277-g024f7ef292 (webtiles) character file.

Game seed: 5187473852821716931

351 Nattfarinn the Chiller (level 6, -3/45 HPs)
             Began as a Ghoul Ice Elementalist on Feb 5, 2021.
             Was an Initiate of Cheibriados.
             Slain by Menkaure (15 damage)
             ... on level 5 of the Dungeon.
             The game lasted 00:09:49 (6279 turns).

Nattfarinn the Chiller (Ghoul Ice Elementalist)     Turns: 6279, Time: 00:09:50

Health: -3/45      AC:  2    Str: 13    XL:     6   Next: 61%
Magic:  8/9        EV: 12    Int: 13    God:    Cheibriados [......]
Gold:   245        SH:  0    Dex: 10    Spells: 10/11 levels left

rFire    + . .     SeeInvis +   i - +2 whip (venom)
rCold    + + .     Faith    .   (no shield)
rNeg     + + +     Spirit   .   a - +0 robe
rPois    ∞         Reflect  .   (no helmet)
rElec    .         Harm     .   n - scarf {rC+ rF+}
rCorr    .         Rampage  .   (no gloves)
Will     .....                  (no boots)
Stlth    ++........             (no amulet)
HPRegen  0.00/turn              c - ring of see invisible
MPRegen  0.11/turn              (no ring)

@: very slow
A: claws 1, cold resistance 1, negative energy resistance 3, inhibited
regeneration, torment resistance, unbreathing
a: Renounce Religion, Bend Time


You were on level 5 of the Dungeon.
You worshipped Cheibriados.
Cheibriados was noncommittal.
You visited 2 branches of the dungeon, and saw 6 of its levels.

You collected 245 gold pieces.

Inventory:

Hand Weapons
 i - a +2 whip of venom (weapon)
Armour
 a - a +0 robe (worn)
 f - a +3 leather armour
 n - a scarf of resistance (worn)
Magical Staves
 s - an uncursed staff of conjuration
Jewellery
 c - a ring of see invisible (left claw)
Wands
 x - a wand of acid (8)
Scrolls
 d - a scroll of amnesia {unknown}
 h - 5 scrolls of remove curse {unknown}
 j - 5 scrolls of identify {unknown}
 o - a scroll of immolation {unknown}
 q - a scroll of enchant armour {unknown}
 r - 4 scrolls of magic mapping {unknown}
 t - a scroll of noise {unknown}
 u - a scroll of random uselessness {unknown}
Potions
 b - 2 potions of magic {unknown}
 e - a potion of lignification {unknown}
 g - 3 potions of curing
 k - a potion of haste {unknown}
 l - a potion of ambrosia {unknown}
 m - 3 potions of mutation {unknown}
 p - a potion of degeneration {unknown}
 v - a potion of flight {unknown}
 w - 2 potions of brilliance {unknown}


   Skills:
 + Level 3.1 Dodging
 + Level 4.0 Stealth
 + Level 3.0 Spellcasting
 * Level 6.3 Ice Magic


You had 10 spell levels left.
You knew the following spells:

 Your Spells              Type           Power        Failure   Level
a - Freeze                Ice            72%          1%          1

Your spell library contained the following spells:

 Spells                   Type           Power        Failure   Level
 Frozen Ramparts          Ice            36%          5%          3
 Ozocubu's Armour         Ice            18%          5%          3
 Hailstorm                Conj/Ice       10%          54%         4
 Summon Ice Beast         Ice/Summ       10%          54%         4


Dungeon Overview and Level Annotations

Branches:
Dungeon (5/15)             Temple (1/1) D:4

Altars:
Cheibriados
Elyvilon
Gozag
Makhleb
Nemelex Xobeh
Okawaru
Qazlal
Sif Muna
Trog
Uskayaw
Vehumet
Wu Jian
Xom
Yredelemnul
Zin

Annotations:
D:5 Menkaure


Innate Abilities, Weirdness & Mutations

You thrive by killing the living.
You are immune to poison.
You have sharp fingernails.
Your flesh is cold resistant. (rC+)
You are immune to negative energy. (rN+++)
You do not regenerate when monsters are visible.
You are immune to unholy pain and torment.
You can survive without breathing.


Message History

You hit Menkaure.
Menkaure is moderately damaged.
Menkaure hits you!
You hit Menkaure.
Menkaure is moderately damaged.
Menkaure misses you.
You hit Menkaure.
Menkaure is heavily damaged.
Menkaure hits you!!
* * * LOW HITPOINT WARNING * * *
You are too injured to fight recklessly!
Casting: Freeze (safe; 1% risk of failure)
Confirm with . or Enter, or press ? or * to list all spells.
Aiming: Freeze (safe; 1% risk of failure)
Press: ? - help, Shift-Dir - straight line, f - Menkaure
Aim: Menkaure (heavily damaged) Menkaure resists.
You freeze Menkaure.
Menkaure is severely damaged.
Menkaure hits you!
You die...

.....##### ..##
.........# #...
..###...## #..
#.####..### ###.#
#..####...####...#
....##...........#
..#....####......##
..###..# #<....####
.## #..# #†.#@.$..#
..#
##.######..##M..##
..# #........##
.### ..#
#####.##..# ## .##
####### ##


You could see Menkaure.

Vanquished Creatures
  A scorpion (D:4)
  A crimson imp (D:4)
  3 orc priests (D:3)
  8 adders
  An ooze (D:4)
  4 worms
  A dart slug (D:1)
  13 orcs
  7 giant cockroaches
  11 goblins
  6 hobgoblins
  2 jackals (D:2)
  A ball python (D:4)
  6 bats
  10 frilled lizards
  5 kobolds
  4 rats
84 creatures vanquished.

Notes
Turn   | Place    | Note
-------+----------+-------------------------------------------
     0 | D:1      | Nattfarinn the Ghoul Ice Elementalist began the quest for
                  | the Orb.
     0 | D:1      | Reached XP level 1. HP: 14/14 MP: 2/2
   153 | D:1      | Reached XP level 2. HP: 19/20 MP: 3/3
  1572 | D:2      | Reached XP level 3. HP: 20/26 MP: 5/5
  2058 | D:2      | Reached skill level 5 in Ice Magic
  2445 | D:2      | Reached XP level 4. HP: 30/33 MP: 6/6
  3131 | D:3      | Found a shimmering blue altar of Sif Muna.
  3490 | D:3      | Reached XP level 5. HP: 18/38 MP: 7/7
  4160 | D:3      | Found a snail-covered altar of Cheibriados.
  4193 | D:3      | Reached XP level 6. HP: 34/45 MP: 9/9
  4477 | D:3      | Found an ornate altar of the Wu Jian Council.
  4757 | D:4      | Found a staircase to the Ecumenical Temple.
  4770 | Temple   | Entered the Ecumenical Temple
  4921 | D:4      | Reached skill level 6 in Ice Magic
  5713 | D:4      | Found a shimmering altar of Xom.
  5714 | D:4      | Found a burning altar of Makhleb.
  6139 | D:3      | Became a worshipper of Cheibriados the Contemplative
  6178 | D:5      | Entered Level 5 of the Dungeon
  6201 | D:5      | Found an opulent altar of Gozag.
  6272 | D:5      | Noticed Menkaure
  6279 | D:5      | Slain by Menkaure

Illustrated notes

Levels and vault maps discovered:
D:1:      onia_arrival_pyramid, layout_basic
D:2:      layout_loops_corners
D:3:      layout_loops_cross, lemuel_doored_altar,
          nicolae_overflow_hidden_temple, pdpol_wu_jian_five_deadly_venoms
D:4:      layout_layer_cave, grunt_temple_overflow_champion_of_chaos,
          minmay_temple_entry_hall
D:5:      layout_layer_cave, grunt_gozag_breadcrumbs,
          chequers_temple_overflow_statue_of_worship,
          grunt_dithmenos_smoke_and_mirrors, hangedman_decor_riveting,
          uniq_menkaure
Temple:   nicolae_temple_figure_zero

Skill      XL: |  1  2  3  4  5  6 |
---------------+-------------------+-----
Dodging        | 2 3 |  3.1
Spellcasting   | 2 3 |  3.0
Ice Magic      | 5 6 |  6.3
Stealth        | 3 4 |  4.0

Action                   |  1- 3 |  4- 6 || total
-------------------------+-------+-------++-------
Melee: Unarmed           |    44 |       ||    44
       Whip              |    75 |   151 ||   226
 Cast: Freeze            |     4 |     1 ||     5
  Use: Potion            |       |     1 ||     1
 Stab: Sleeping          |     4 |     8 ||    12
       Distracted        |       |     1 ||     1
Armor: Robe              |    23 |    11 ||    34
Dodge: Dodged            |    81 |    79 ||   160

Table legend: (Time is in decaauts)
 A = Elapsed time spent in this place.
 B = Non-inter-level travel time spent in this place.
 C = Inter-level travel time spent in this place.
 D = Time resting spent in this place.
 E = Time spent auto-exploring this place.
 F = Levels seen in this place.
 G = Mean time per level.
                   A        B        C        D        E       F      G
               +--------+--------+--------+--------+--------+-----+--------+
         Total |   6323 |   6035 |    288 |   1225 |   4125 |   6 | 1053.8 |
       Dungeon |   6200 |   5921 |    279 |   1225 |   4012 |   5 | 1240.0 |
        Temple |    123 |    114 |      9 |      0 |    113 |   1 |  123.0 |
               +--------+--------+--------+--------+--------+-----+--------+

Top non-repeatable levels by time:
     D:3: 1750 daAuts
     D:1: 1543 daAuts
     D:4: 1486 daAuts
     D:2: 1303 daAuts
  Temple: 123 daAuts
     D:5: 116 daAuts
